 Dungeon Crawl Stone Soup version 0.21.1-1-g345015f (webtiles) character file.

35884 Kagorn the Severer (level 13, -1/127 HPs)
             Began as a Hill Orc Fighter on June 22, 2018.
             Was the Champion of Beogh.
             Killed from afar by Arachne (15 damage)
             ... with a poison arrow
             ... on level 3 of the Spider Nest.
             The game lasted 02:15:04 (17237 turns).

Kagorn the Severer (Hill Orc Fighter)              Turns: 17237, Time: 02:15:04

Health: -1/127     AC: 22    Str: 20    XL:     13   Next: 86%
Magic:  0/13       EV:  5    Int: 10    God:    Beogh [******]
Gold:   494        SH: 22    Dex: 16    Spells: 12/12 levels left

rFire    + . .     SeeInvis .   a - +3 war axe
rCold    . . .     Gourm    .   q - +4 large shield
rNeg     + . .     Faith    .   d - +3 plate armour {rF+}
rPois    +         Spirit   +   Q - +0 helmet
rElec    +         Reflect  .   (no cloak)
rCorr    .         Harm     .   k - +0 pair of gloves of the Grue {rElec MR++ Int+2 Dex-4}
MR       ++...                  C - +0 pair of boots
Stlth    ..........             w - amulet of guardian spirit
HPRegen  0.31/turn              t - ring of Qeomiv {*Contam rPois rN+ Str-2 Dex+8}
MPRegen  0.13/turn              (no ring)

@: lethally poisoned (-1 -> -29)
A: walk on water
a: Smiting, Recall Orcish Followers, Give Item to Named Follower, Resurrection,
Renounce Religion


You were on level 3 of the Spider Nest.
You worshipped Beogh.
Beogh was exalted by your worship.
You were not hungry.

You visited 3 branches of the dungeon, and saw 15 of its levels.
You also visited: Bailey and Volcano.

You collected 896 gold pieces.
You spent 402 gold pieces at shops.

Inventory:

Hand Weapons
 a - a +3 war axe (weapon)
 c - a +1 flail of flaming
 H - a +4 scimitar of flaming
 J - a +1 dagger of protection
 S - a +2 flail of protection
Missiles
 b - 13 throwing nets (quivered)
Armour
 d - a +3 plate armour of fire resistance (worn)
 k - the +0 pair of gloves of the Grue (worn) {rElec MR++ Int+2 Dex-4}
   (You found it in a bailey)

   It affects your intelligence (+2).
   It affects your dexterity (-4).
   It insulates you from electricity.
   It affects your resistance to hostile enchantments.
 q - a +4 large shield (worn)
 r - a +0 pair of boots
 z - a +2 chain mail of fire resistance
 C - a +0 pair of boots (worn)
 E - a +0 buckler
 N - a +3 leather armour of poison resistance
 O - a +1 pair of gloves of archery
 Q - a +0 helmet (worn)
Jewellery
 h - the ring of Ykhang {*Tele rF- Str+7 Int-5 Dex+8}
   (You took it off a gnoll sergeant in a bailey)

   [ring of teleportation]

   It may teleport you next to monsters.
   It affects your strength (+7).
   It affects your intelligence (-5).
   It affects your dexterity (+8).
   It makes you vulnerable to fire.
 o - an uncursed ring of resist corrosion
 t - the ring of Qeomiv (left hand) {*Contam rPois rN+ Str-2 Dex+8}
   (You found it on level 8 of the Dungeon)

   [ring of positive energy]

   It affects your strength (-2).
   It affects your dexterity (+8).
   It protects you from poison.
   It protects you from negative energy.
   It causes magical contamination when unequipped.
 w - an amulet of guardian spirit (around neck)
 A - the ring of the Hippo {Ice rElec rN+ Str+4}
   (You took it off a centaur on level 8 of the Dungeon)

   [ring of ice]

   It enhances your ice magic.
   It affects your strength (+4).
   It makes you vulnerable to fire.
   It protects you from cold.
   It insulates you from electricity.
   It protects you from negative energy.
 M - an uncursed ring of flight {unknown}
Wands
 e - a wand of clouds (5)
 n - a wand of flame (5)
 v - a wand of random effects (35)
 F - a wand of acid (6)
 I - a wand of iceblast (10)
Scrolls
 g - 6 scrolls of remove curse
 j - a scroll of summoning
 l - 2 scrolls of immolation
 x - 2 scrolls of fog
 y - 3 scrolls of magic mapping
 B - 3 scrolls of amnesia
 K - 5 scrolls of teleportation
 T - a scroll of identify
 U - a scroll of fear {unknown}
 X - a scroll of brand weapon {unknown}
Potions
 m - 3 potions of lignification
 p - 4 potions of flight
 u - a potion of cancellation
 G - a potion of invisibility
 L - 3 potions of berserk rage
 V - a potion of brilliance
 Y - a potion of magic
Books
 s - a book of Changes

   Spells                             Type                      Level
   a - Beastly Appendage              Transmutation                1
   b - Sticks to Snakes               Transmutation                2
   c - Spider Form                    Transmutation/Poison         3
   d - Ice Form                       Ice/Transmutation            4
   e - Blade Hands                    Transmutation                5
 D - a book of the Warp

   Spells                             Type                      Level
   a - Gell's Gravitas                Translocation                3
   b - Portal Projectile              Hexes/Translocation          3
   c - Force Lance                    Conjuration/Translocation    4
   d - Dispersal                      Translocation                6
   e - Controlled Blink               Translocation                8
   f - Disjunction                    Translocation                8
Comestibles
 f - 10 rations


   Skills:
 * Level 15.6 Fighting
 * Level 16.7 Axes
 + Level 10.9 Armour
 + Level 2.4 Dodging
 + Level 10.9 Shields


You had 12 spell levels left.
You didn't know any spells.

Dungeon Overview and Level Annotations

Branches:
Dungeon (10/15)            Temple (0/1) D:4            Lair (2/6) D:10
 Spider (3/4) Lair:2
  Swamp: Lair:2-4    Shoals: Lair:2-4       Orc: D:9-12

Altars:
Dithmenos
Fedhas
Kikubaaqudgha
Makhleb

Shops:
D:5 *   D:7 (   D:9 !

Annotations:
Spider:3 Arachne


Message History

* * * LOW HITPOINT WARNING * * *
Unknown command.
You bump into the rock wall.
You feel less invigorated.
You feel less confused.
* * * LOW HITPOINT WARNING * * *
You feel very sick.
Arachne's staff shoots out a stream of webbing.
The stream of webbing hits you!
You are caught in a web!
The web tears apart.
* * * LOW HITPOINT WARNING * * *
You feel sick. You block Arachne's attack.
You hit Arachne.
Arachne is almost dead.
* * * LOW HITPOINT WARNING * * *
You feel sick. You block Arachne's attack.
Arachne stares at you and mumbles some strange words.
The poison arrow hits you!
You are more poisoned.
You partially resist.
You die...

#...........##
#............# .
#...........# # ..
#.........^# #####
...##..>.......##
#..#.
#..............##
#..o#
#.............####.##
#......)...........#
##.@H....#....####.#
###.....†#..## ##.
#........#.# ##
#........^..### #
#.............## #
##...#.........## ##
####.........^.####.
#............#o^#
#.............###


You could see Arachne.

Vanquished Creatures
  An emperor scorpion (Spider:1)
  An entropy weaver (Spider:2)
  The ghost of Theowulf the Ogre Mage, a novice OgFE of Makhleb (D:7)
  Nergalle (D:10)
  A sun demon (Volcano)
  The ghost of sking99 the Unseen, a novice SpEn of Ru (D:9)
  The ghost of Kandryn the Cudgeler, a novice TrBe of Trog (D:6)
  4 orb spiders
  10 wolf spiders
  An ugly thing (Volcano)
  A torpor snail (Spider:2)
  A spiny frog (Lair:2)
  2 komodo dragons (Lair:1)
  2 demonic crawlers (Spider:2)
  Grinder (D:6)
  A hornet (Spider:1)
  13 jumping spiders
  A blink frog (Lair:2)
  3 hippogriffs
  Sigmund (D:5)
  21 redbacks
  A spriggan (D:8)
  A tarantella (Spider:2)
  5 yaks
  A wraith (D:9)
  7 fire bats (Volcano)
  A steam dragon (D:10)
  2 hungry ghosts
  A hell hound (Volcano)
  2 water moccasins (Lair:1)
  Duvessa (D:7)
  A porcupine (Lair:1)
  A sky beast (D:7)
  A phantom (D:5)
  An orc warrior (D:8)
  2 necrophages (D:9)
  4 centaurs
  2 ogres
  5 crocodiles
  9 bullfrogs
  A wyvern zombie (D:9)
  8 gnoll sergeants (Bailey)
  Dowan (D:7)
  A water moccasin skeleton (D:6)
  2 scorpions (D:5)
  2 howler monkeys
  A wight (D:9)
  2 crimson imps
  8 lava snakes (Volcano)
  10 hounds
  6 gnoll shamans (Bailey)
  2 orc priests
  4 centaur skeletons
  7 orc wizards
  3 human zombies (D:9)
  5 worker ants
  The ghost of tidbits the Grave Robber, a weakling GnNe (D:3)
  A hound skeleton (D:4)
  A mummy (D:9)
  A worker ant zombie (D:7)
  21 gnolls
  11 adders
  3 shadow imps
  2 oozes (D:1)
  A worm (D:2)
  2 dart slugs
  4 leopard geckos
  25 orcs
  8 giant cockroaches
  13 goblins
  4 hobgoblins
  12 jackals
  4 quokkas
  A ball python (D:2)
  4 bats
  7 frilled lizards
  10 kobolds
  A quokka zombie (D:6)
  7 rats
  4 bushes (D:9)
  A fungus (Lair:2)
329 creatures vanquished.

Vanquished Creatures (collateral kills)
  Snorg (D:10)
  Erica (D:10)
  A hell knight (Lair:2)
  5 wolf spiders (Spider:1)
  3 orb spiders
  2 spiny frogs
  3 demonic crawlers
  2 komodo dragons
  6 jumping spiders
  2 blink frogs (Lair:2)
  2 hippogriffs
  12 redbacks
  3 tarantellas
  3 basilisks
  12 yaks
  A soldier ant (D:10)
  3 water moccasins
  3 porcupines
  A sky beast (D:10)
  A black bear (Lair:1)
  2 crocodiles
  A centaur (D:10)
  A big kobold (D:10)
  An elf zombie (D:9)
  A wight (D:9)
  A quasit (D:9)
  A hound (D:10)
  A human skeleton (D:9)
  A mummy (D:9)
  A gnoll (D:9)
  2 adders (D:10)
  An adder skeleton (D:9)
  An orc (D:10)
  A kobold (D:10)
83 creatures vanquished.

Vanquished Creatures (others)
  An orc warlord (Spider:3)
  An orc warrior (D:10)
  3 orc wizards
  A jelly (D:3)
  An orc (D:10)
7 creatures vanquished.

Grand Total: 419 creatures vanquished

Notes
Turn   | Place    | Note
-------+----------+-------------------------------------------
     0 | D:1      | Kagorn the Hill Orc Fighter began the quest for the Orb.
     0 | D:1      | Reached XP level 1. HP: 19/19 MP: 1/1
    59 | D:1      | Reached skill level 3 in Axes
    59 | D:1      | Reached XP level 2. HP: 22/27 MP: 2/2
   218 | D:1      | Reached XP level 3. HP: 30/33 MP: 3/3
  1358 | D:2      | Reached XP level 4. HP: 41/41 MP: 4/4
  1365 | D:2      | Reached skill level 4 in Axes
  2360 | D:3      | Became a worshipper of Beogh the Brigand
  2363 | D:3      | Reached XP level 5. HP: 40/47 MP: 5/5
  2505 | D:3      | Noticed tidbits's ghost (weakling GnNe)
  2515 | D:3      | Killed tidbits's ghost
  2670 | D:3      | Reached skill level 5 in Fighting
  2766 | D:3      | Found a burning altar of Makhleb.
  2766 | D:3      | Noticed a blizzard demon
  2844 | D:3      | Noticed a neqoxec
  2844 | D:3      | Noticed a hellwing
  3072 | D:4      | Reached skill level 5 in Axes
  3076 | D:4      | Reached XP level 6. HP: 43/56 MP: 6/6
  3086 | D:4      | Reached * piety under Beogh
  3299 | D:4      | Found a staircase to the Ecumenical Temple.
  3850 | D:5      | Entered Level 5 of the Dungeon
  4402 | D:5      | Noticed a phantom
  4491 | D:5      | Killed a phantom
  4491 | D:5      | Reached skill level 6 in Axes
  4491 | D:5      | Reached XP level 7. HP: 24/63 MP: 7/7
  4770 | D:5      | Found Affu's General Store.
  4783 | D:5      | Bought a scroll of enchant armour for 105 gold pieces
  4783 | D:5      | Bought a scroll of identify for 28 gold pieces
  4783 | D:5      | Bought a potion of degeneration for 14 gold pieces
  4842 | D:5      | Identified a scroll of acquirement
  5024 | D:5      | Reached skill level 5 in Shields
  5034 | D:5      | Noticed Sigmund
  5057 | D:5      | Killed Sigmund
  5057 | D:5      | Reached skill level 7 in Axes
  5057 | D:5      | Reached skill level 5 in Armour
  5057 | D:5      | Reached XP level 8. HP: 26/73 MP: 8/8
  5557 | D:6      | Noticed Grinder
  5558 | D:6      | Noticed Kandryn's ghost (novice TrBe)
  5561 | D:6      | Paralysed by Grinder for 6 turns
  6056 | D:6      | Killed Grinder
  6056 | D:6      | Reached ** piety under Beogh
  6056 | D:6      | Reached skill level 8 in Axes
  6125 | D:6      | Killed Kandryn's ghost
  6125 | D:6      | Reached skill level 9 in Axes
  6125 | D:6      | Reached XP level 9. HP: 50/82 MP: 9/9
  6756 | D:7      | Found Ryzyphuy's Antique Weapon Shop.
  6774 | D:7      | Noticed Duvessa
  6775 | D:7      | Noticed Dowan
  6789 | D:7      | Noticed Theowulf's ghost (novice OgFE)
  6798 | D:7      | Killed Duvessa
  6806 | D:7      | Killed Dowan
  7636 | D:7      | Killed Theowulf's ghost
  7636 | D:7      | Reached skill level 10 in Fighting
  7636 | D:7      | Reached skill level 10 in Axes
  7819 | D:8      | Noticed a two-headed ogre
  7949 | D:8      | Reached XP level 10. HP: 31/93 MP: 6/10
  8206 | D:8      | Found a flagged portal.
  8234 | D:8      | Reached skill level 11 in Axes
  8245 | Bailey   | Entered a bailey
  8611 | Bailey   | Reached *** piety under Beogh
  8857 | Bailey   | Got a bound pewter ring
  8889 | Bailey   | Identified the ring of Ykhang {*Tele rF- Str+7 Int-5 Dex+8} (You took it off a gnoll sergeant in a bailey)
  9348 | Bailey   | Got a pair of polished gloves
  9483 | Bailey   | Identified the +0 pair of gloves of the Grue {rElec MR++ Int+2 Dex-4} (You found it in a bailey)
  9517 | D:8      | Found a shadowy altar of Dithmenos.
  9597 | D:8      | Got a faintly glowing copper ring
  9599 | D:8      | Identified the ring of Qeomiv {*Contam rPois rN+ Str-2 Dex+8} (You found it on level 8 of the Dungeon)
  9690 | D:8      | Got a glittering amber ring
  9868 | D:8      | Identified the ring of the Hippo {Ice rElec rN+ Str+4} (You took it off a centaur on level 8 of the Dungeon)
  9907 | D:9      | Noticed sking99's ghost (novice SpEn)
  9927 | D:9      | Killed sking99's ghost
 10009 | D:9      | Reached **** piety under Beogh
 10161 | D:9      | Reached skill level 12 in Axes
 10168 | D:9      | Found an ancient bone altar of Kikubaaqudgha.
 10248 | D:9      | Found Mos Roim's Distillery.
 10280 | D:9      | Bought a potion of curing for 45 gold pieces
 10280 | D:9      | Bought a potion of curing for 45 gold pieces
 10280 | D:9      | Bought a potion of heal wounds for 75 gold pieces
 10280 | D:9      | Bought a potion of curing for 45 gold pieces
 10280 | D:9      | Bought a potion of curing for 45 gold pieces
 10431 | D:9      | Found a blossoming altar of Fedhas.
 10570 | D:9      | Reached XP level 11. HP: 103/103 MP: 11/11
 10913 | D:10     | Entered Level 10 of the Dungeon
 11184 | D:10     | Noticed Nergalle
 11194 | D:10     | Killed Nergalle
 11404 | D:10     | Noticed Snorg
 11420 | D:10     | Killed Snorg
 11569 | D:10     | Gained Bolgrim as an ally
 11763 | D:10     | Found a staircase to the Lair.
 11773 | D:10     | Reached skill level 13 in Axes
 11824 | D:10     | Noticed Erica
 11834 | D:10     | Killed Erica
 12321 | Lair:1   | Entered Level 1 of the Lair of Beasts
 12455 | Lair:1   | Reached ***** piety under Beogh
 13143 | Lair:2   | Found a hole to the Spider Nest.
 13163 | Lair:2   | Reached XP level 12. HP: 114/115 MP: 12/12
 13164 | Lair:2   | Reached skill level 14 in Axes
 13391 | Lair:2   | Found a dark tunnel.
 13414 | Volcano  | Entered a volcano
 13678 | Volcano  | Noticed a hell knight
 13684 | Volcano  | Noticed a sun demon
 13724 | Volcano  | Killed a sun demon
 13746 | Lair:2   | Killed a hell knight
 14221 | Spider:1 | Entered Level 1 of the Spider Nest
 14268 | Spider:1 | Reached skill level 15 in Axes
 14672 | Spider:1 | Reached skill level 10 in Armour
 14754 | Spider:1 | Reached skill level 10 in Shields
 14790 | Spider:1 | Reached XP level 13. HP: 56/125 MP: 9/13
 15301 | Spider:1 | Noticed an emperor scorpion
 15324 | Spider:1 | Killed an emperor scorpion
 15662 | Spider:2 | Reached skill level 16 in Axes
 15665 | Spider:2 | Reached skill level 15 in Fighting
 15833 | Spider:2 | Reached skill level 1 in Dodging
 16543 | Spider:2 | Reached ****** piety under Beogh
 16713 | Spider:2 | Noticed an entropy weaver
 16730 | Spider:2 | Killed an entropy weaver
 17189 | Spider:3 | Noticed Arachne
 17211 | Spider:3 | Your ally Bolgrim died
 17237 | Spider:3 | Killed from afar by Arachne

Skill      XL: |  1  2  3  4  5  6  7  8  9 10 11 12 13 |
---------------+----------------------------------------+-----
Axes           | 3 4 5 6 7 9 10 12 13 15 16 | 16.7
Fighting       | 4 5 6 7 8 10 11 13 14 15 | 15.6
Armour         | 4 5 6 8 9 10 | 10.9
Shields        | 4 5 6 7 8 9 10 | 10.9
Dodging        | 2 |  2.4

Action                   |  1- 3 |  4- 6 |  7- 9 | 10-12 | 13-15 || total
-------------------------+-------+-------+-------+-------+-------++-------
Melee: War axe           |   143 |   276 |   324 |   708 |   253 ||  1704
Invok: Convert to Beogh  |       |     1 |       |       |       ||     1
       Give Item to Name |       |       |       |     1 |       ||     1
  Use: Scroll            |       |     9 |     7 |    12 |     2 ||    30
       Potion            |       |     6 |     2 |    18 |     3 ||    29
 Stab: Distracted        |       |       |       |     2 |     2 ||     4
       Held in net/web   |       |       |       |     1 |       ||     1
  Eat: Ration            |     1 |     3 |     3 |     7 |     3 ||    17
Armor: Scale mail        |    70 |   126 |   123 |    49 |       ||   368
       Plate armour      |       |       |       |   241 |   163 ||   404
Dodge: Dodged            |    53 |    48 |    46 |    76 |    43 ||   266
Block: Shield            |    71 |    85 |       |       |       ||   156
       Large shield      |       |    92 |   282 |   796 |   325 ||  1495
